 Dungeon Crawl Stone Soup version 0.30-a0-748-ge6a52f7cba (webtiles) character file.

Game seed: 4678899458355791984

4 Esekla the Sneak (level 1, -1/16 HPs)
             Began as an Octopode Delver on Feb 8, 2023.
             Slain by an ufetubus (2 damage)
             ... on level 5 of the Dungeon.
             The game lasted 00:01:38 (94 turns).

Esekla the Sneak (Octopode Delver)                    Turns: 94, Time: 00:01:38

Health: -1/16      AC:  1    Str: 11    XL:     1   Next: 60%
Magic:  1/1        EV: 13    Int: 12    God:
Gold:   14         SH:  0    Dex: 13    Spells: 0/0 levels left

rFire   . . .      SeeInvis .    a - +0 falchion
rCold   . . .      Faith    .    (no shield)
rNeg    . . .      Spirit   .    (helmet restricted)
rPois   .          Reflect  .    (no amulet)
rElec   .          Harm     .    (no ring)
rCorr   .          Rampage  .    (no ring)
Will    .....                    (no ring)
Stlth   ++++                     (no ring)
HPRegen 0.22/turn                (no ring)
MPRegen 0.07/turn                (no ring)
                                 (no ring)
                                 (no ring)

@: no status effects
A: almost no armour, amphibious, 8 rings, camouflage 1, gelatinous body 1,
(nimble swimmer 1), tentacles
a: no special abilities


You were on level 5 of the Dungeon.
You visited 1 branch of the dungeon, and saw 1 of its levels.

You collected 14 gold pieces.

Inventory:

Hand Weapons
 a - a +0 falchion (weapon)
Wands
 f - a wand of digging (3)
Scrolls
 b - a scroll of fog
 c - a scroll of immolation {unknown}
 d - a scroll of fear
Potions
 e - a potion of haste
 g - a potion of attraction {unknown}


   Skills:
 * Level 3.0 Fighting
 * Level 2.0 Long Blades
 * Level 2.0 Dodging
 + Level 6.7 Stealth
 * Level 0.1 Spellcasting


You couldn't memorise any spells.
You didn't know any spells.
Your spell library was empty.

Dungeon Overview and Level Annotations

Branches:
Dungeon (5/15)
 Temple: D:4-7

Altars:

Annotations:
D:5 Sigmund


Innate Abilities, Weirdness & Mutations

You cannot wear most types of armour.
You are amphibious.
You can wear up to eight rings at the same time.
Your skin changes colour to match your surroundings (Stealth+).
Your rubbery body absorbs attacks. (AC +1, EV +1)
((You are camouflaged when in or above water. (Stealth+)))
You have tentacles for arms and can constrict up to eight enemies at once.


Message History

Found a stone staircase leading down.
Found a quarterstaff and a scroll labelled XIUG KUREOLE.
As you read the scroll of magic mapping, it crumbles to dust.
You feel aware of your surroundings.
You sensed 1 altar.
c - a scroll labelled XIUG KUREOLE
Found 14 gold pieces.
You now have 14 gold pieces.
Found 9 stones.
Sigmund the Dreaded comes into view.
He is wielding a +2 vampiric scythe.
An orc comes into view. It is wielding a +0 hand axe.
An orc comes into view. It is wielding a +0 hand axe.
The orc moves out of view.
The orc hits you with a +0 hand axe.
You hit the orc but do no damage. Your grab misses the orc.
The orc barely misses you.
You barely miss the orc. You grab the orc.
You squeeze the orc, but do no damage. You constrict the orc.
The orc hits you with a +0 hand axe.
You hit the orc.
You kill the orc!
The orc shouts!
An ufetubus comes into view.
The ufetubus shouts!
You hit the orc. You grab the orc.
The orc is heavily wounded.
You constrict the orc. The orc closely misses you.
You hit the orc.
You kill the orc!
You closely miss the ufetubus. You grab the ufetubus.
You constrict the ufetubus, but do no damage.
The ufetubus closely misses you. x2; The ufetubus hits you.
* * * LOW HITPOINT WARNING * * *
The ufetubus closely misses you.
You hit the ufetubus.
The ufetubus is moderately wounded.
You constrict the ufetubus, but do no damage.
The ufetubus hits you.
* * * LOW HITPOINT WARNING * * *
The ufetubus hits you.
You die...

#.#### *..@..# **** *,,,,**,
##.# ##.(.## *,,,,**, #..#
####.....#### *,,,,**,
#.####.#.......#.##*#
*,,,,***
#.#.#.............#.##*,,,,*
*
#.....................,,,*,*
*
###.#.............#,**,*,*,*
* ####.#......5#,*****,*,*,*
* ####....@##** *,*,*,* *
##..)## *,*,,,* * #)....#
***,*,,,* * ##...##
***,,,*,_,* *
##.##****,,,***,,,* *
*...**,,,,*** *,,,* *
##.##,,**** *,*,* * #..,,**
*,*,* * ###*** *,*,* *


You could see an ufetubus.

Vanquished Creatures
  2 orcs (D:5)
2 creatures vanquished.

Notes
Turn   | Place    | Note
-------+----------+-------------------------------------------
     0 | D:5      | Esekla the Octopode Delver began the quest for the Orb.
     0 | D:5      | Reached XP level 1. HP: 16/16 MP: 1/1
    77 | D:5      | Noticed Sigmund
    94 | D:5      | Slain by an ufetubus

Illustrated notes

Levels and vault maps discovered:
D:5:      layout_layer_cave, mainiacjoe_overflow_boulevard,
          nicolae_figureground_sparkle, uniq_edmund, uniq_pikel, uniq_sigmund

Action                     || total
---------------------------++-------
  Melee: Falchion          ||     7
         Constrict         ||     3
         Tentacles         ||     1
    Use: Scroll            ||     1
  Dodge: Dodged            ||     5

Table legend: (Time is in decaauts)
 A = Elapsed time spent in this place.
 B = Non-inter-level travel time spent in this place.
 C = Inter-level travel time spent in this place.
 D = Time resting spent in this place.
 E = Time spent auto-exploring this place.
 F = Levels seen in this place.
 G = Mean time per level.
                   A        B        C        D        E       F      G
               +--------+--------+--------+--------+--------+-----+--------+
         Total |     95 |     95 |      0 |      0 |      0 |   1 |   95.0 |
       Dungeon |     95 |     95 |      0 |      0 |      0 |   1 |   95.0 |
               +--------+--------+--------+--------+--------+-----+--------+

Top non-repeatable levels by time:
     D:5: 95 daAuts
